AoeStats
← owengold23

Hideout

509042908Analyzed
1v1 RM · 8d ago on Sep 25, 2026· 23m 38s· 2 players
Game mode
Random Map
Map size
Tiny (2 player)
Population
200
Speed
Normal
Resources
Standard
Victory
Conquest
Starting age
Dark Age
Ending age
Imperial Age
RankedLock teamsTeams togetherTeam positionsShared explorationLock speedFull tech treeHidden civsTurbo modeCheats
Victory
Defeat
🇦🇺 Wu · Australia
1651
+14
🇩🇪 Wei · Germany
1612
-14
gardensalad
9:42 Feudal Age
14:23 Castle Age
12:22 Double-Bit Axe
12:47 Horse Collar
13:34 Gold Mining
13:48 Stone Mining
14:30 Loom
14:39 Loom
22:07 Bow Saw
owengold23
9:35 Feudal Age
14:57 Castle Age
13:08 Double-Bit Axe
13:46 Horse Collar
14:49 Scale Mail Armor
17:23 Loom
19:11 Squires
19:23 Arson
Connection lost

Rejoining the realm…

Still unreachable

The connection could not be restored.

Session expired

The server has moved on; the page needs a fresh start.